 Dungeon Crawl Stone Soup version 0.29-a0-551-gffc1d7fb78 (webtiles) character file.

Game seed: 10991420781810494471

86545 dolemite99 the Whirler (level 15, -5/139 HPs)
             Began as a Minotaur Transmuter on June 5, 2022.
             Was a Priest of Okawaru.
             Slain by a seven-headed hydra (6 damage)
             ... called by a spriggan druid
             ... on level 1 of the Swamp.
             The game lasted 00:51:23 (44386 turns).

dolemite99 the Whirler (Minotaur Transmuter)       Turns: 44386, Time: 00:51:24

Health: -5/139     AC: 25    Str: 19    XL:     15   Next: 41%
Magic:  19/19      EV:  5    Int: 10    God:    Okawaru [***...]
Gold:   577        SH: 12    Dex: 14    Spells: 16/16 levels left

rFire   + . .      SeeInvis +   a - +9 fustibalus of Lewu {vorpal, Will+ SInv}
rCold   . . .      Faith    +   i - +0 kite shield
rNeg    + . .      Spirit   .   e - +3 plate armour {rF+}
rPois   +          Reflect  .   H - +2 hat
rElec   .          Harm     .   D - +1 cloak
rCorr   .          Rampage  .   r - +1 pair of gloves
Will    ++...                   L - +1 pair of boots
Stlth   ..........              Q - amulet of faith
HPRegen 0.33/turn               z - ring of poison resistance
MPRegen 0.16/turn               F - ring of positive energy

@: flying
A: horns 2, retaliatory headbutt
a: Renounce Religion, Heroism


You were on level 1 of the Swamp.
You worshipped Okawaru.
Okawaru was most pleased with you.
You visited 5 branches of the dungeon, and saw 25 of its levels.

You collected 2053 gold pieces.
You spent 1476 gold pieces at shops.

Inventory:

Hand Weapons
 a - the +9 fustibalus of Lewu (weapon) {vorpal, Will+ SInv}
   (You acquired it on level 12 of the Dungeon)

   Any ammunition fired from it inflicts extra damage upon your enemies.
   SInv:      It lets you see invisible.
   Will:      It increases your willpower.
 N - the +11 hunting sling of the Insatiable Realms {venom, Str+4 Int+5}
   (You found it on level 12 of the Dungeon)

   Any ammunition fired from it poisons the flesh of those it strikes.
   Str:       It affects your strength (+4).
   Int:       It affects your intelligence (+5).
 P - a +0 hunting sling
Missiles
 x - 3 atropa-tipped darts
 I - 20 silver javelins
 M - 3 boomerangs of dispersal
 O - 3 throwing nets
 S - 25 poisoned darts
 V - 11 javelins
 W - 4 curare-tipped darts
Armour
 e - a +3 plate armour of fire resistance (worn)
 i - a +0 kite shield (worn)
 n - a scarf of invisibility
 q - a +0 tower shield
 r - a +1 pair of gloves (worn)
 u - a scarf of invisibility
 B - +0 fire dragon scales
 D - a +1 cloak (worn)
 H - a +2 hat (worn)
 J - a +0 plate armour
 K - a +2 chain mail of fire resistance
 L - a +1 pair of boots (worn)
Jewellery
 d - a ring of resist corrosion
 t - a ring of ice
 z - a ring of poison resistance (left hand)
 F - a ring of positive energy (right hand)
 Q - an amulet of faith (around neck)
 U - an amulet of the acrobat
Wands
 j - a wand of polymorph (8)
 s - a wand of iceblast (2)
 y - a wand of paralysis (5)
Scrolls
 p - 4 scrolls of vulnerability
 v - a scroll of fog
 w - 7 scrolls of identify {@r1}
 X - a scroll of poison
Potions
 b - 4 potions of cancellation
 c - 3 potions of attraction
 f - a potion of resistance
 g - 2 potions of flight
 h - 3 potions of brilliance
 k - 6 potions of curing
 o - 5 potions of mutation
 R - a potion of lignification
Miscellaneous
 Z - a tin of tremorstones (inert)


   Skills:
 + Level 14.7 Fighting
 - Level 17.3(18.8) Slings
 - Level 11.3(15.1) Throwing
 - Level 7.2 Armour
 - Level 2.1 Dodging
 - Level 11.4 Shields
 - Level 13.6 Unarmed Combat
 - Level 1.3 Spellcasting
 - Level 1.5 Transmutations
 - Level 7.6 Invocations
 - Level 3.0 Evocations


You had 16 spell levels left.
You didn't know any spells.
Your spell library contained the following spells:

 Spells                   Type           Power      Damage    Failure   Level
 Apportation              Tloc           0%         N/A       100%        1
 Beastly Appendage        Tmut           6%         N/A       100%        1
 Slow                     Hex            0%         N/A       100%        1
 Blink                    Tloc           0%         N/A       100%        2
 Ensorcelled Hibernation  Hex/Ice        0%         N/A       100%        2
 Passwall                 Tmut/Erth      1%         N/A       100%        2
 Poisonous Vapours        Pois/Air       0%         N/A       100%        2
 Wereblood                Tmut           3%         N/A       100%        2
 Confusing Touch          Hex            0%         N/A       100%        3
 Inner Flame              Hex/Fire       0%         N/A       100%        3
 Spider Form              Tmut/Pois      2%         N/A       100%        3
 Swiftness                Air            0%         N/A       100%        3
 Vampiric Draining        Necr           0%         2d6       100%        3
 Airstrike                Air            0%         N/A       100%        4
 Anguish                  Hex/Necr       0%         N/A       100%        4
 Cause Fear               Hex            0%         N/A       100%        4
 Corpse Rot               Necr/Pois/Air  0%         N/A       100%        4
 Dispel Undead            Necr           0%         3d6       100%        4
 Ice Form                 Ice/Tmut       2%         N/A       100%        4
 Alistair's Intoxication  Tmut/Pois      1%         N/A       100%        5
 Iskenderun's Battlesphe  Conj           0%         2d6       100%        5
 Lightning Bolt           Conj/Air       0%         1d11      100%        5
 Manifold Assault         Tloc           0%         N/A       100%        5
 Yara's Violent Unravell  Hex/Tmut       1%         3d3       100%        5
 Iron Shot                Conj/Erth      0%         9d1       100%        6
 Enfeeble                 Hex            0%         N/A       100%        7
 Storm Form               Tmut/Air       1%         N/A       100%        7
 Discord                  Hex            0%         N/A       100%        8
 Maxwell's Capacitive Co  Air            0%         ∞         100%        8
 Summon Lightning Spire   Summ/Air       Unusable   N/A       N/A         4
 Death Channel            Necr           Unusable   N/A       N/A         6
 Spellforged Servitor     Conj/Summ      Unusable   N/A       N/A         7

Dungeon Overview and Level Annotations

Branches:
Dungeon (15/15)            Temple (1/1) D:6            Lair (6/6) D:10
  Swamp (1/4) Lair:4       Spider (0/4) Lair:2        Slime (0/5) Lair:5
    Orc (2/2) D:10            Elf (0/3) Orc:2        Vaults (0/5) D:14
 Depths: D:15

Altars:
Ashenzari
Cheibriados
Dithmenos
Fedhas
Gozag
Hepliaklqana
Kikubaaqudgha
Makhleb
Okawaru
Sif Muna
Trog
Uskayaw
Vehumet
Wu Jian
Xom
Yredelemnul
Zin
The Shining One
Jiyva

Shops:
D:3 ![[:   D:4 *   Orc:2 :*

Portals:
Trove: D:12 (give 17 scrolls of teleportation)

Annotations:
D:1 exclusion: downstairs
D:3 exclusion: downstairs
D:8 2 transporters, exclusion: downstairs, bande's ghost, novice GnWn
D:13 exclusion: downstairs
D:15 Jorgrun
Orc:2 Saint Roka


Innate Abilities, Weirdness & Mutations

You have a pair of horns on your head.
You reflexively headbutt those who attack you in melee.


Message History

The spriggan druid hits you with a +0 quarterstaff.
The trees move their gnarly branches around.
The bunyip howls a warning cry!
You hear a roar!
You hear a shout! x2; You hear an angry buzzing noise.
You hear a shout!
You hear a roar!
The seven-headed hydra attacks as you move away!
The seven-headed hydra bites you. x2
The seven-headed hydra bites you but does no damage. x2
You block the seven-headed hydra's attack.
The seven-headed hydra bites you but does no damage.
You block the seven-headed hydra's attack.
The swamp worm fires a harpoon shot at you.
The harpoon shot hits you!
You are yanked forward by the harpoon shot.
The tyrant leech bites you!
* * * LOW HITPOINT WARNING * * *
The tyrant leech draws strength from your injuries!
The alligator attacks as you move away! You block the alligator's attack.
The alligator tail-slaps you.
* * * LOW HITPOINT WARNING * * *
You are hit by a branch.
* * * LOW HITPOINT WARNING * * *
The swamp worm fires a harpoon shot at you.
The harpoon shot hits you but does no damage.
The spriggan druid points at you and mumbles some strange words.
You block the stone arrow. The tyrant leech bites you!
* * * LOW HITPOINT WARNING * * *
The tyrant leech draws strength from your injuries!
The alligator bites you but does no damage.
You block the alligator's attack. The alligator bites you!
* * * LOW HITPOINT WARNING * * *
The alligator tail-slaps you but does no damage.
The seven-headed hydra bites you but does no damage.
You block the seven-headed hydra's attack.
The seven-headed hydra bites you but does no damage.
You block the seven-headed hydra's attack.
The seven-headed hydra bites you but does no damage.
The seven-headed hydra bites you.
You die...

♣♣.≈≈...<≈[≈...♣ ..
♣≈≈≈≈..≈≈≈≈§≈.≈♣≈≈≈
♣.≈≈≈≈≈≈..≈≈.≈♣...♣
♣♣≈≈≈....≈≈≈..≈≈≈♣
♣♣.........≈.≈♣♣♣
♣§.......≈≈≈♣♣
♣...≈....≈≈≈♣
♣♣..≈≈...♣♣≈♣♣
♣♣...♣♣♣.@.≈♣≈♣♣
♣.≈§≈ ♣.tD♣♣.≈♣
♣..≈≈≈♣♣♣.w≈i..♣♣♣ ≈
♣..≈≈≈≈...Fww...≈♣♣≈.
....≈≈≈..x.≈.≈≈≈≈.≈.
≈§..........≈≈≈≈≈.≈.
≈≈≈≈≈≈≈≈...)≈≈≈≈§...
≈≈≈≈≈.≈≈..♣♣.≈≈≈....
≈.≈≈≈≈.≈♣♣♣♣.....♣..


You could see a bunyip, an alligator (swift), a seven-headed hydra, 2 tyrant
leeches, a spriggan druid, a goliath frog and a swamp worm.

Vanquished Creatures
  An orc warlord (Orc:1)
  A ghoul (D:14)
  Nessos (Lair:6)
  An eleionoma (Lair:4)
  Snorg (D:13)
  Josephine (D:14)
  Fannar (D:12)
  A boulder beetle (D:15)
  A ghost crab (Swamp:1)
  6 hydras
  A merfolk avatar (Lair:6)
  6 centaur warriors
  A two-headed ogre (D:11)
  An alligator (Swamp:1)
  A tengu warrior (D:15)
  5 death yaks (Lair:6)
  4 orc high priests
  A deep elf knight (D:14)
  Urug (D:11)
  Sonja (D:11)
  Amaemon (Lair:3)
  A spriggan (Swamp:1)
  2 sea snakes (Lair:6)
  A deep troll (D:15)
  A wizard (D:14)
  A deep elf archer (Orc:1)
  A harpy (Lair:6)
  A necromancer (D:15)
  4 deep elf pyromancers
  3 orc knights
  A deep elf zephyrmancer (D:14)
  4 manticores
  7 orc sorcerers
  11 ugly things
  7 cyclopes
  2 centaur zombies (D:14)
  3 black mambas
  8 elephants
  An orange demon (Lair:3)
  Joseph (D:10)
  19 cane toads
  4 komodo dragons
  3 rime drakes
  A freezing wraith (D:14)
  A kobold demonologist (D:14)
  2 yaktaurs (D:14)
  A tengu conjurer (D:15)
  A queen bee (shapeshifter) (D:13)
  3 hornets
  8 trolls
  5 polar bears
  A tyrant leech (Lair:4)
  4 blink frogs
  3 snapping turtles (Lair:6)
  10 slime creatures
  Sigmund (D:2)
  12 wraiths
  A shadow (D:12)
  42 yaks
  5 wyverns
  2 basilisks
  16 vampire mosquitoes
  2 steam dragons
  6 wargs
  17 water moccasins
  2 acid dragons
  4 swamp worms (Swamp:1)
  23 orc warriors
  A sky beast (D:7)
  An ice beast (D:8)
  A hornet zombie (D:14)
  2 black bears
  9 ogres
  11 centaurs
  A phantom (D:6)
  15 wolves
  5 kobold brigands
  16 bullfrogs
  3 gnoll sergeants
  7 scorpions
  2 necrophages
  7 wights (D:10)
  4 killer bees (D:9)
  8 howler monkeys
  2 electric eels
  A crimson imp (D:7)
  9 orc priests
  A gnoll shaman (D:7)
  4 hounds
  2 jellies
  2 iguanas
  23 orc wizards
  5 mummies (D:14)
  23 gnolls
  6 adders
  A white imp (D:7)
  8 worms
  4 dart slugs
  45 orcs
  7 ball pythons
  8 endoplasms
  A giant cockroach (D:4)
  7 goblins
  8 hobgoblins
  3 quokkas
  3 bats
  3 frilled lizards (D:1)
  12 kobolds
  5 rats
583 creatures vanquished.

Vanquished Creatures (others)
  A two-headed ogre (D:9)
  Psyche (D:8)
  A yak (D:9)
  A gnoll sergeant (D:9)
  2 bullfrogs (D:9)
  A wight (D:9)
  A howler monkey (D:9)
  An orc wizard (D:9)
  2 orcs (Orc:2)
  54 fungi
  41 plants
106 creatures vanquished.

Grand Total: 689 creatures vanquished

Notes
Turn   | Place    | Note
-------+----------+-------------------------------------------
     0 | D:1      | dolemite99 the Minotaur Transmuter began the quest for the
                  | Orb.
     0 | D:1      | Reached XP level 1. HP: 16/16 MP: 1/1
    56 | D:1      | Reached XP level 2. HP: 21/23 MP: 3/3
   907 | D:1      | Reached XP level 3. HP: 28/28 MP: 4/4
  1205 | D:2      | Noticed Sigmund
  1552 | D:2      | Reached skill level 5 in Unarmed Combat
  2319 | D:3      | Reached skill level 1 in Slings
  2329 | D:3      | Found Zamann's Distillery.
  2342 | D:3      | Bought a potion of curing for 36 gold pieces
  2342 | D:3      | Bought a potion of lignification for 36 gold pieces
  2342 | D:3      | Bought a potion of heal wounds for 60 gold pieces
  2354 | D:3      | Found a shimmering blue altar of Sif Muna.
  2364 | D:3      | Reached XP level 4. HP: 20/35 MP: 5/5
  2751 | D:4      | Noticed an ogre
  2950 | D:3      | Found Ugani's Armour Shoppe.
  3298 | D:3      | Found Naymec's Book Boutique.
  3487 | D:3      | Found Zukk's Armour Shop.
  3580 | D:4      | Found Beowie's Assorted Antiques.
  3595 | D:4      | Bought a scroll labelled HUROGR POEVO for 22 gold pieces
  3595 | D:4      | Bought a scroll labelled LASOAL HEFA for 22 gold pieces
  3767 | D:4      | Reached skill level 2 in Slings
  3786 | D:4      | Reached skill level 3 in Slings
  3797 | D:4      | Reached XP level 5. HP: 40/40 MP: 6/6
  3899 | D:4      | Reached skill level 4 in Slings
  3955 | D:4      | Reached skill level 5 in Slings
  3962 | D:4      | Reached XP level 6. HP: 47/47 MP: 7/7
  4043 | D:4      | Reached skill level 6 in Slings
  4661 | D:4      | Reached XP level 7. HP: 52/52 MP: 8/8
  5072 | D:5      | Entered Level 5 of the Dungeon
  5137 | D:5      | Found a glowing golden altar of the Shining One.
  5140 | D:5      | Became a worshipper of the Shining One
  5672 | D:5      | Noticed a steam dragon
  5684 | D:5      | Killed a steam dragon
  6455 | D:5      | Found a snail-covered altar of Cheibriados.
  6457 | D:5      | Found an ornate altar of the Wu Jian Council.
  6595 | D:6      | Found a staircase to the Ecumenical Temple.
  6604 | Temple   | Entered the Ecumenical Temple
  6663 | Temple   | Fell from the grace of the Shining One
  6663 | Temple   | Became a worshipper of Warmaster Okawaru
  6976 | D:5      | Reached XP level 8. HP: 29/59 MP: 9/9
  7840 | D:6      | Found a basalt altar of Yredelemnul.
  7889 | D:6      | Reached skill level 1 in Evocations
  7949 | D:6      | Found a hazy altar of Hepliaklqana.
  8204 | D:6      | Found an opulent altar of Gozag.
  8244 | D:6      | Found a glowing silver altar of Zin.
  8342 | D:4      | Bought a tubular copper ring for 110 gold pieces
  9063 | D:7      | Reached skill level 1 in Armour
  9138 | D:7      | Reached * piety under Okawaru
  9517 | D:7      | Reached XP level 9. HP: 60/73 MP: 10/10
  9860 | D:7      | Reached skill level 5 in Armour
 10353 | D:7      | Reached skill level 5 in Fighting
 11037 | D:7      | Reached ** piety under Okawaru
 11042 | D:7      | Reached skill level 10 in Unarmed Combat
 11492 | D:8      | Noticed bande's ghost (novice GnWn)
 11492 | D:8      | Noticed a two-headed ogre
 11539 | D:8      | Noticed a catoblepas
 11629 | D:8      | Found a transporter.
 12293 | D:8      | Noticed Psyche
 12312 | D:8      | Killed Psyche
 12630 | D:8      | Found a transporter.
 12671 | D:8      | Reached skill level 1 in Shields
 13490 | D:8      | Reached XP level 10. HP: 80/83 MP: 11/11
 13921 | D:4      | Bought a scroll of poison for 77 gold pieces
 13921 | D:4      | Bought a long glass wand for 88 gold pieces
 14038 | D:8      | Reached skill level 5 in Shields
 14659 | D:9      | Noticed a deep elf pyromancer
 14674 | D:9      | Killed a deep elf pyromancer
 14746 | D:9      | Noticed a four-headed hydra
 14752 | D:9      | Killed a four-headed hydra
 14752 | D:9      | Reached *** piety under Okawaru
 14850 | D:10     | Entered Level 10 of the Dungeon
 15390 | D:9      | Reached XP level 11. HP: 66/89 MP: 9/12
 15646 | D:9      | Found a radiant altar of Vehumet.
 15667 | D:9      | Found a shimmering altar of Xom.
 15667 | D:9      | Noticed a two-headed ogre
 15700 | D:9      | Killed a two-headed ogre
 15901 | D:10     | Noticed Joseph
 15918 | D:10     | Killed Joseph
 15919 | D:10     | Reached skill level 1 in Invocations
 16169 | D:10     | Found a staircase to the Lair.
 16415 | D:10     | Found a staircase to the Orcish Mines.
 17495 | D:11     | Found a gate leading to a gauntlet.
 17751 | D:11     | Noticed Urug
 17771 | D:11     | Killed Urug
 17993 | D:11     | Noticed an eight-headed hydra
 17998 | D:11     | Noticed Sonja
 18004 | D:11     | Killed an eight-headed hydra
 18005 | D:11     | Reached skill level 10 in Fighting
 18016 | D:11     | Killed Sonja
 18721 | D:11     | Noticed a two-headed ogre
 18728 | D:11     | Killed a two-headed ogre
 18903 | D:11     | Noticed a white ugly thing
 18915 | D:11     | Killed a white ugly thing
 18915 | D:11     | Reached **** piety under Okawaru
 19396 | Lair:1   | Entered Level 1 of the Lair of Beasts
 19698 | Lair:1   | Reached skill level 1 in Throwing
 19941 | Lair:1   | You fall into a shaft and drop 1 floor!
 20253 | Lair:2   | Found a dark tunnel.
 20267 | Lair:2   | Reached XP level 12. HP: 110/110 MP: 10/13
 20543 | Lair:2   | Reached skill level 5 in Throwing
 20554 | Lair:2   | Found a hole to the Spider Nest.
 20780 | Lair:2   | Received a gift from Okawaru
 22175 | Lair:3   | Noticed a six-headed hydra
 22855 | Lair:2   | Found a hole to the Spider Nest.
 22870 | Lair:2   | Killed a six-headed hydra
 23894 | Lair:3   | Noticed Amaemon
 23904 | Lair:3   | Received a gift from Okawaru
 23910 | Lair:3   | Killed Amaemon
 24965 | Lair:4   | Found a staircase to the Swamp.
 25561 | Lair:4   | Received a gift from Okawaru
 25967 | Lair:5   | Found a viscous altar of Jiyva.
 25967 | Lair:5   | Found a staircase to the Slime Pits.
 26030 | Lair:5   | Found a shimmering blue altar of Sif Muna.
 26111 | Lair:5   | Received a gift from Okawaru
 26553 | Lair:5   | Reached XP level 13. HP: 118/118 MP: 12/14
 26572 | Lair:5   | Reached skill level 10 in Throwing
 27242 | Lair:6   | Entered Level 6 of the Lair of Beasts
 28159 | Lair:6   | Reached skill level 10 in Shields
 28221 | Lair:6   | Reached ***** piety under Okawaru
 28227 | Lair:6   | Noticed Nessos
 28247 | Lair:6   | Killed Nessos
 28665 | Lair:6   | Received a gift from Okawaru
 28760 | Lair:6   | Received a gift from Okawaru
 29537 | Orc:1    | Entered Level 1 of the Orcish Mines
 29655 | Orc:2    | Entered Level 2 of the Orcish Mines
 29858 | Orc:2    | Reached XP level 14. HP: 101/133 MP: 12/15
 31240 | Orc:2    | Noticed an orc warlord
 31403 | Orc:2    | Reached skill level 5 in Invocations
 32281 | D:12     | Noticed Fannar
 32291 | D:12     | Killed Fannar
 32489 | D:12     | Identified the +11 hunting sling of the Insatiable Realms
                  | {venom, Str+4 Int+5}
 32962 | D:12     | Identified a scroll of acquirement
 32962 | D:12     | Acquired the +9 fustibalus of Lewu {vorpal, Will+ SInv}
 33003 | D:12     | Reached skill level 7 in Slings
 33301 | D:12     | Found a portal to a secret trove of treasure.
 34547 | D:13     | Reached skill level 8 in Slings
 34578 | D:13     | Acquired a manual of Slings
 35032 | D:13     | Noticed Snorg
 35044 | D:13     | Killed Snorg
 35286 | D:14     | Noticed a ghoul
 35338 | D:14     | Reached skill level 9 in Slings
 35710 | D:14     | Killed a ghoul
 35951 | D:14     | Reached skill level 10 in Slings
 36016 | D:14     | Received a gift from Okawaru
 36200 | D:14     | Noticed Josephine
 36226 | D:14     | Reached skill level 11 in Slings
 36482 | D:14     | Reached skill level 12 in Slings
 36663 | D:14     | Reached skill level 13 in Slings
 37030 | D:14     | Found a gate to the Vaults.
 37545 | D:13     | Received a gift from Okawaru
 37656 | D:14     | Killed Josephine
 37763 | D:14     | Reached skill level 14 in Slings
 38477 | D:14     | Reached skill level 15 in Slings
 38477 | D:14     | Reached XP level 15. HP: 139/139 MP: 12/19
 38633 | D:15     | Entered Level 15 of the Dungeon
 38708 | D:15     | Received a gift from Okawaru
 39027 | D:15     | Received a gift from Okawaru
 39035 | D:15     | Reached skill level 16 in Slings
 39318 | D:15     | Noticed Jorgrun
 40325 | D:4      | Bought a tin of tremorstones (2/2) for 880 gold pieces
 40751 | D:2      | Killed Sigmund
 40827 | D:2      | Found a faded altar of an unknown god.
 41188 | Orc:1    | Received a gift from Okawaru
 41927 | Orc:2    | Paralysed by an orc sorcerer for 2 turns
 42228 | Orc:1    | Killed an orc warlord
 42814 | Orc:2    | Found Siti's General Store.
 42822 | Orc:2    | Bought a scroll of fear for 35 gold pieces
 42822 | Orc:2    | Bought a scroll of fear for 35 gold pieces
 42822 | Orc:2    | Bought a scroll of enchant armour for 75 gold pieces
 42901 | Orc:2    | Reached skill level 17 in Slings
 42914 | Orc:2    | Found Tupsec's Book Emporium.
 42934 | Orc:2    | Found a bloodstained altar of Trog.
 42978 | Orc:2    | Noticed Saint Roka
 43299 | Swamp:1  | Entered Level 1 of the Swamp
 44386 | Swamp:1  | HP: 1/139 [alligator[a spriggan druid] (15)]
 44386 | Swamp:1  | Slain by a seven-headed hydra

Illustrated notes

Levels and vault maps discovered:
D:1:      elethiomel_arrival_quiet, layout_basic, minmay_pentomino_r4
D:2:      layout_loops_ring, shapermc_ecumenical_altar_petra, uniq_sigmund
D:3:      layout_loops_ring, mainiacjoe_overflow_surrounded_room, serial_shops,
          nicolae_diamond_shop, shop_statue, nicolae_lakefront_shop, shop,
          chequers_serial_rivers_micro_e
D:4:      layout_basic, serial_shops, nicolae_shop_overgrown_old_shop
D:5:      layout_loops_ring, nicolae_overflow_hidden_temple, tso_oasis_becter
D:6:      layout_rooms, pdpol_temple_overflow_zin_treasury_gozag_greed,
          lemuel_tele_altar, mainiacjoe_overflow_alcove_1,
          minmay_temple_entry_grid
D:7:      layout_rooms, minmay_fire_ice_demons
D:8:      layout_cave_pods, gammafunk_ghost_arena, uniq_psyche
D:9:      kennysheep_windowed_halls, layout_loops_ring, fiery_altar_vehumet,
          xom_confusion_cloud, palyth_stone_intersect
D:10:     layout_irregular_city, erik_lair_orcish_takeover, orc_0_dummy,
          uniq_joseph
D:11:     layout_loops_corners, gauntlet_entry_generic, uniq_sonja, uniq_urug
D:12:     layout_basic, enter_trove_2, uniq_fannar
D:13:     layout_basic, uniq_snorg
D:14:     layout_long_grid, hangedman_vaults_entry_quadrant_bands,
          serial_undead, serial_undead_d, serial_undead_c, serial_undead_a,
          serial_undead_d, serial_undead_c, uniq_josephine
D:15:     hangedman_depths_entry_civil_slaughter, layout_cave_pools,
          nemelex_diamond_rough_becter, uniq_jorgrun
Temple:   hc_temple_tempest_star
Lair:1:   layout_regular_city, serial_bayou_pond_b,
          nicolae_quartered_pool_medium, wad_woods_road_06
Lair:2:   layout_loops_ring, nicolae_spider_entry_non_spiders,
          nicolae_volcano_entry_lava_flow, grunt_megastairs_1,
          serial_bayou_shore_a
Lair:3:   layout_cave_shapes, uniq_amaemon
Lair:4:   layout_regular_city, minmay_swamp_entry_swarm
Lair:5:   layout_long_grid, slime_altar_1, basic_altar
Lair:6:   gammafunk_lair_ancient_temple, layout_hall_layers, uniq_nessos
Swamp:1:  layout_basic_swamp, evilmike_swamp_ruin_rubble_2
Orc:1:    layout_caves, elf_legates, uniq_erica
Orc:2:    grunt_orc_gardens, layout_caves, grunt_orc_garden, grunt_orc_garden,
          grunt_orc_garden, grunt_orc_garden, basic_altar, mines5_lemuel,
          uniq_saint_roka, uniq_erolcha

Skill      XL: |  1  2  3  4  5  6  7  8  9 10 11 12 13 14 15 |
---------------+----------------------------------------------+-----
Unarmed Combat | 4 5 8 11 13 | 13.6
Slings         | 1 3 5 6 15 17 | 17.3
Evocations     | 3 |  3.0
Fighting       | 4 6 11 12 14 | 14.7
Armour         | 4 6 7 |  7.2
Shields        | 4 7 8 11 | 11.4
Invocations    | 3 7 |  7.6
Throwing       | 3 9 11 | 11.3
Dodging        | |  2.1
Spellcasting   | |  1.3
Transmutations | |  1.5

Action                   |  1- 3 |  4- 6 |  7- 9 | 10-12 | 13-15 || total
-------------------------+-------+-------+-------+-------+-------++-------
Melee: Unarmed           |    88 |    99 |   234 |   562 |   324 ||  1307
       Headbutt          |    10 |    14 |    41 |   116 |    73 ||   254
       Punch             |     2 |       |       |       |       ||     2
 Fire: Hunting sling     |    11 |    43 |   133 |     9 |    12 ||   208
       Fustibalus        |       |       |       |       |   717 ||   717
Throw: Boomerang         |       |       |       |   130 |    69 ||   199
       Dart              |       |       |       |       |    51 ||    51
       Javelin           |       |       |       |       |    39 ||    39
Invok: Heroism           |       |       |     4 |    73 |   130 ||   207
       Finesse           |       |       |       |       |     2 ||     2
Evoke: Wand              |       |       |    15 |    12 |    21 ||    48
       Tin of tremorston |       |       |       |       |     2 ||     2
  Use: Scroll            |       |    12 |    15 |     7 |    23 ||    57
       Potion            |       |     8 |     6 |     1 |    13 ||    28
 Stab: Paralysed         |       |       |       |     6 |     6 ||    12
       Invisible         |       |       |       |       |     1 ||     1
Armor: Robe              |    13 |       |       |       |       ||    13
       Ring mail         |     7 |     1 |       |       |       ||     8
       Skin              |       |    29 |    11 |       |       ||    40
       Leather armour    |       |     4 |       |       |       ||     4
       Scale mail        |       |    19 |    52 |       |       ||    71
       Chain mail        |       |       |    42 |       |   217 ||   259
       Plate armour      |       |       |    57 |   196 |   246 ||   499
Dodge: Dodged            |    74 |    35 |   137 |   118 |   292 ||   656
Block: Buckler           |       |    13 |    34 |       |       ||    47
       Kite shield       |       |       |    11 |   229 |   604 ||   844

Table legend: (Time is in decaauts)
 A = Elapsed time spent in this place.
 B = Non-inter-level travel time spent in this place.
 C = Inter-level travel time spent in this place.
 D = Time resting spent in this place.
 E = Time spent auto-exploring this place.
 F = Levels seen in this place.
 G = Mean time per level.
                   A        B        C        D        E       F      G
               +--------+--------+--------+--------+--------+-----+--------+
         Total |  44378 |  41323 |   3055 |  19317 |  15366 |  25 | 1775.1 |
       Dungeon |  28163 |  25927 |   2236 |  11292 |  10171 |  15 | 1877.5 |
        Temple |     66 |     60 |      6 |      0 |     48 |   1 |   66.0 |
          Lair |  10748 |   9988 |    760 |   3822 |   4753 |   6 | 1791.3 |
         Swamp |    759 |    759 |      0 |    632 |     21 |   1 |  759.0 |
  Orcish Mines |   4640 |   4587 |     53 |   3570 |    371 |   2 | 2320.0 |
               +--------+--------+--------+--------+--------+-----+--------+

Top non-repeatable levels by time:
   Orc:1: 4055 daAuts
    D:14: 3375 daAuts
     D:7: 3184 daAuts
  Lair:2: 2793 daAuts
     D:8: 2276 daAuts
    D:11: 2175 daAuts
     D:5: 2045 daAuts
    D:13: 1983 daAuts
  Lair:4: 1915 daAuts
     D:4: 1894 daAuts
  Lair:5: 1807 daAuts
  Lair:6: 1746 daAuts
    D:10: 1718 daAuts
     D:9: 1691 daAuts
    D:12: 1619 daAuts
